Map: Taito Citadel LE

Players

hanoeka - Winner!

  • Race: Zerg Zerg
  • League: Master
  • Spawn Location: 11:00

HoldTheDoor

  • Race: Protoss Protoss
  • League: Diamond
  • Spawn Location: 5:00

VOD

Have the link to the VOD?

Description

Time

  • Played on: May 1, 2026, 12:25 p.m.
  • Length: 20:57
Show
View Real Time Build Order
Export as new Build Order

hanoeka Zerg - Winner!

Build Orders: Hatch First, Lurkers 

Get SALT Encoding   

  12  0:00  Drone  
  13  0:12  Overlord  
  13  0:16  Drone  
  14  0:31  Drone x2  
  16  0:36  Drone  
  17  0:55  Hatchery  
  17  0:56  Drone  
  17  1:10  Spawning Pool  
  16  1:17  Drone  
  17  1:19  Extractor  
  16  1:27  Drone x2  
  18  1:47  Drone x2  
  18  1:50  Overlord  
  20  1:57  Queen  
  22  2:10  Queen  
  22  2:13  Zergling x2  
  25  2:19  Drone  
  25  2:22  Drone  
  27  2:30  Drone  
  27  2:35  Lair  
  28  2:37  Drone  
  28  2:40  Drone  
  30  2:46  Drone  
  31  2:51  Overlord  
  31  2:52  Drone  
  31  2:53  Drone  
  31  2:58  Extractor x2  
  32  2:59  Drone  
  32  3:05  Drone x2  
  34  3:16  Drone x2  
  34  3:18  Drone  
  34  3:19  Drone  
  38  3:24  Drone x2  
  38  3:25  Drone x2  
  42  3:37  Hydralisk Den, Spore Crawler  
  42  3:40  Spore Crawler  
  42  3:41  Zergling x8  
  43  3:50  Spine Crawler  
  43  3:53  Spine Crawler  
  41  4:00  Metabolic Boost  
  41  4:04  Overlord  
  41  4:05  Drone, Overlord  
  42  4:11  Lurker Den  
  41  4:30  Hydralisk x5  
  51  4:39  Drone x3  
  51  4:44  Drone x3  
  57  4:55  Overlord x2  
  57  4:58  Pneumatized Carapace  
  57  5:10  Overlord  
  57  5:14  Lurker  
  57  5:15  Overlord  
  57  5:19  Overlord x2  
  58  5:23  Lurker  
  58  5:35  Lurker  
  59  5:40  Drone x7  
  59  5:41  Overseer  
  66  5:48  Extractor  
  66  5:49  Queen  
  67  5:55  Lurker  
  68  6:04  Hydralisk  
  68  6:05  Hydralisk  
  72  6:11  Zergling x2  
  72  6:12  Zergling x6  
  74  6:26  Hydralisk  
  74  6:27  Hydralisk x3  
  82  6:38  Hydralisk  
  84  6:46  Overlord x3  
  84  6:55  Overlord x2  
  84  6:56  Hatchery  
  84  6:58  Drone  
  84  7:12  Hydralisk  
  84  7:13  Hydralisk x5  
  90  7:29  Drone x2  
  93  7:30  Drone  
  93  7:36  Queen  
  95  7:41  Muscular Augments  
  95  7:49  Evolution Chamber  
  95  7:50  Evolution Chamber  
  87  8:06  Hydralisk  
  87  8:07  Hydralisk x7  
  87  8:08  Zergling x2  
  104  8:19  Hydralisk x2  
  106  8:20  Queen  
  106  8:22  Zerg Missile Weapons Level 1  
  106  8:24  Drone x4  
  114  8:29  Lurker  
  114  8:32  Drone x3  
  118  8:44  Zergling x2  
  118  8:45  Grooved Spines  
  119  8:51  Infestation Pit, Drone x4  
  119  8:53  Spore Crawler  
  121  8:57  Spine Crawler  
  121  8:59  Spine Crawler  
  119  9:11  Overlord x2  
  119  9:12  Overlord  
  119  9:13  Drone x3  
  99  9:28  Hydralisk  
  99  9:29  Hydralisk x6  
  98  9:37  Hydralisk x4  
  96  9:42  Lurker  
  90  9:50  Zergling x16  
  89  10:00  Lurker  
  89  10:01  Lurker  
  81  10:25  Lurker x2  
  83  10:30  Hatchery  
  83  10:34  Overseer  
  82  10:38  Hive  
  82  10:45  Overseer  
  82  10:53  Zergling x10  
  82  10:54  Zergling x10  
  92  11:00  Zerg Ground Armor Level 1  
  92  11:02  Extractor  
  91  11:06  Extractor  
  90  11:35  Drone x11  
  90  11:38  Hatchery  
  100  11:46  Drone x5  
  105  11:47  Spore Crawler  
  105  11:53  Lurker x3  
  107  12:03  Zerg Missile Weapons Level 2  
  107  12:13  Queen  
  109  12:39  Queen x2  
  109  12:40  Zergling x2  
  109  12:41  Overlord x3  
  114  12:54  Zerg Melee Weapons Level 1  
  114  12:58  Hydralisk  
  114  12:59  Hydralisk x5  
  114  13:00  Hydralisk x2  
  114  13:01  Hydralisk, Viper  
  135  13:13  Drone x8  
  135  13:16  Overlord  
  143  13:23  Lurker  
  144  13:30  Seismic Spines  
  144  13:46  Zergling x4  
  144  13:47  Zergling x12, Overlord x2  
  148  14:22  Overlord x2  
  148  14:27  Adaptive Talons  
  147  14:55  Hydralisk x6  
  147  14:56  Hydralisk x8  
  147  14:57  Overlord x2  
  147  14:58  Overlord  
  175  15:01  Zerg Ground Armor Level 2, Zerg Missile Weapons Level 3  
  174  15:31  Hydralisk x12  
  198  15:44  Overlord  
  157  16:09  Overlord  
  134  16:16  Queen  
  136  16:24  Extractor  
  136  16:25  Spore Crawler  
  134  16:26  Extractor  
  133  16:40  Hydralisk x5  
  133  16:41  Zergling x2  
  133  16:42  Zergling x6  
  147  17:07  Hydralisk  
  147  17:08  Hydralisk x13  
  175  17:16  Zerg Melee Weapons Level 2  
  175  17:33  Hydralisk x7  
  175  17:34  Hydralisk x2  
  193  17:49  Hydralisk x3  
  199  17:56  Hatchery  
  195  18:05  Hydralisk  
  195  18:06  Hydralisk  
  195  18:08  Hatchery  
  195  18:10  Zerg Ground Armor Level 3, Unknown  
  198  18:13  Lurker  
  198  18:14  Lurker  
  188  19:18  Hydralisk x7  
  198  19:38  Hydralisk x3  
Show
View Real Time Build Order
Export as new Build Order

HoldTheDoor Protoss 

Build Orders: Carriers, Zealot Archon, Archon Drop, Dark Templar Rush 

Get SALT Encoding   

  12  0:00  Probe  
  13  0:12  Probe  
  14  0:19  Pylon  
  14  0:24  Probe  
  15  0:34  Probe  
  15  0:40  Gateway  
  15  0:42  Probe  
  16  0:49  Assimilator  
  17  0:51  Probe  
  18  1:04  Probe  
  19  1:18  Pylon  
  19  1:21  Probe  
  20  1:33  Probe  
  21  1:45  Nexus, Probe  
  22  1:49  Assimilator, Cybernetics Core  
  22  1:56  Pylon  
  22  2:00  Probe  
  23  2:09  Gateway  
  23  2:14  Probe  
  24  2:20  Stalker  
  24  2:26  Probe  
  24  2:28  Twilight Council  
  27  2:38  Probe  
  27  2:40  Warp Gate  
  28  2:49  Adept  
  28  2:50  Probe  
  31  2:58  Probe  
  32  3:02  Probe  
  33  3:08  Robotics Facility  
  33  3:10  Probe  
  34  3:14  Assimilator  
  34  3:16  Probe  
  35  3:34  Dark Shrine  
  35  3:36  Probe  
  35  3:37  Probe  
  35  3:41  Pylon  
  37  3:48  Probe  
  38  3:49  Probe  
  38  3:54  Warp Prism  
  39  4:00  Probe  
  39  4:02  Probe  
  43  4:12  Gateway x2  
  43  4:15  Probe  
  44  4:17  Pylon  
  44  4:25  Probe  
  44  4:28  Stalker x2  
  44  4:29  Probe  
  50  4:45  Pylon  
  50  5:06  Dark Templar x2  
  50  5:07  Dark Templar  
  56  5:09  Dark Templar  
  58  5:35  Archon  
  58  5:36  Archon  
  58  5:42  Zealot  
  58  5:43  Zealot x3  
  58  5:46  Immortal, Charge  
  70  6:24  Stargate  
  70  6:26  Stargate  
  70  6:30  Pylon  
  70  6:33  Pylon  
  70  6:41  Pylon  
  70  6:48  Gateway x2, Observer, Probe  
  70  6:49  Probe  
  70  6:51  Gateway  
  70  6:53  Gateway  
  73  6:55  Gateway, Zealot x4  
  73  6:57  Gateway  
  73  6:59  Gateway  
  73  7:01  Probe x2  
  83  7:08  Shield Battery  
  83  7:13  Probe x2  
  75  7:25  Probe x2  
  75  7:26  Pylon  
  77  7:31  Forge  
  85  7:37  Probe x2  
  85  7:39  Void Ray  
  85  7:40  Void Ray  
  87  7:49  Stalker x3, Probe x2  
  95  8:01  Probe x2  
  88  8:13  Probe x2  
  88  8:17  Photon Cannon  
  90  8:22  Photon Cannon  
  90  8:25  Probe x2  
  92  8:31  Photon Cannon  
  92  8:33  Photon Cannon, Pylon  
  92  8:37  Probe  
  92  8:38  Probe  
  94  8:49  Probe  
  95  8:55  Nexus  
  95  8:58  Pylon  
  95  9:01  Pylon  
  95  9:09  Zealot x3  
  79  9:25  Zealot x4  
  71  9:44  Stalker x4  
  79  10:02  Zealot x2  
  79  10:06  Void Ray  
  85  10:15  Zealot  
  85  10:16  Zealot x3  
  85  10:17  Probe  
  85  10:19  Probe  
  85  10:20  Probe  
  96  10:29  Probe  
  96  10:33  Observer  
  97  10:36  Templar Archives  
  98  10:46  Immortal  
  98  10:50  Protoss Ground Weapons Level 1  
  98  10:52  Photon Cannon  
  98  10:54  Blink  
  98  10:55  Shield Battery  
  98  10:56  Shield Battery, Probe x2  
  105  10:57  Probe  
  105  11:10  Forge  
  105  11:14  Phoenix  
  105  11:17  Phoenix  
  109  11:23  Psionic Storm  
  109  11:25  Probe  
  110  11:26  Probe  
  110  11:27  Probe  
  110  11:28  Protoss Ground Armor Level 1  
  110  11:29  High Templar  
  110  11:31  High Templar  
  116  11:34  High Templar x2  
  116  11:39  Assimilator  
  120  11:40  Probe  
  120  11:41  Assimilator, Probe x2  
  123  11:52  Immortal  
  123  11:53  Probe  
  128  12:04  Probe  
  128  12:05  Protoss Air Weapons Level 1  
  128  12:06  Probe  
  130  12:13  Photon Cannon  
  130  12:15  Photon Cannon  
  130  12:17  Photon Cannon  
  130  12:18  Pylon, Probe  
  130  12:19  Probe x2, Pylon  
  133  12:23  High Templar  
  133  12:27  High Templar  
  137  12:31  Archon  
  137  12:32  Zealot  
  137  12:33  Zealot  
  141  12:40  Pylon  
  141  12:43  Pylon  
  141  12:44  Pylon  
  141  12:45  Pylon  
  141  12:47  Zealot  
  141  12:48  Zealot x2  
  141  12:50  Sentry x2  
  151  12:51  Sentry, Protoss Ground Weapons Level 2  
  153  13:00  Oracle  
  153  13:03  Pylon  
  156  13:15  Probe x3  
  159  13:20  Assimilator  
  159  13:24  Photon Cannon  
  159  13:25  Pylon  
  159  13:27  Probe  
  160  13:35  Nexus  
  160  13:44  Pylon  
  160  13:48  Pylon  
  160  13:50  Protoss Ground Armor Level 2, Pylon  
  160  13:52  Probe x3, Photon Cannon  
  163  14:21  Nexus  
  163  14:26  Zealot x6  
  163  14:27  Zealot x5  
  183  14:49  Fleet Beacon  
  183  14:55  Stargate  
  183  14:57  Stargate  
  183  15:04  High Templar x2  
  183  15:05  High Templar x4  
  195  15:07  Zealot x2  
  195  15:10  Archon x2  
  195  15:11  Archon  
  191  15:42  Zealot x2  
  193  15:43  Zealot x2  
  106  16:06  Zealot x9  
  106  16:07  Zealot x2  
  106  16:23  Carrier x3  
  124  16:28  Carrier  
  130  16:36  Observer  
  131  16:41  Assimilator  
  131  16:43  Assimilator  
  131  16:46  Photon Cannon  
  131  16:48  Photon Cannon  
  131  16:50  Pylon  
  131  16:51  Pylon  
  131  16:53  Probe  
  132  16:54  Pylon  
  132  16:57  Pylon  
  132  17:22  Photon Cannon  
  132  17:24  Photon Cannon  
  132  17:25  Shield Battery  
  132  17:27  Shield Battery  
  132  17:32  Photon Cannon  
  132  17:34  Pylon  
  132  17:35  Photon Cannon  
  132  17:36  Shield Battery  
  132  17:39  Carrier  
  138  17:44  Shield Battery  
  138  17:45  Shield Battery  
  138  17:47  Shield Battery, Pylon  
  138  17:53  Nexus  
  138  17:57  Pylon  
  138  18:05  Carrier  
  144  18:24  Carrier x2  
  156  18:40  Nexus  
  156  18:43  Pylon  
  156  18:45  Probe  
  156  18:47  Pylon  
  157  18:54  Zealot x3  
  163  18:55  Zealot  
  145  19:06  Zealot  
  145  19:07  Zealot x2  
  123  19:17  Zealot  
  123  19:18  Zealot  
  127  19:29  Zealot x2  
  127  19:30  Zealot x2  
  111  19:39  Zealot  
  111  19:40  Zealot  
  111  19:41  High Templar x2  
  111  19:42  High Templar  
  111  19:44  High Templar  
  123  19:52  Zealot x2  
  125  20:06  Zealot x3  
  127  20:17  Zealot x3  
  117  20:34  Zealot x3  
  106  20:47  Zealot  
  106  20:48  Zealot  
  96  20:53  Zealot x2  
Tags
 
Add a new tag
Caveats
  • Supply blocks, unpowered buildings, or Contaminate may cause inaccurate times.
  • Supply counts are checked every 10 seconds.